 Dungeon Crawl Stone Soup version 0.27-a0-1200-g94dc6ad4cf (webtiles) character file.

Game seed: 8001817126582453713

2606 roflturtle the Conjurer (level 9, -10/69 HPs)
             Began as a Demigod Conjurer on May 30, 2021.
             Mangled by Harold
             ... wielding a +1 hand axe of venom
              (18 damage)
             ... on level 7 of the Dungeon.
             The game lasted 00:30:31 (7926 turns).

roflturtle the Conjurer (Demigod Conjurer)          Turns: 7926, Time: 00:30:31

Health: -10/69     AC:  3    Str:  8    XL:     9   Next: 12%
Magic:  9/20       EV: 13    Int: 32    God:
Gold:   213        SH:  0    Dex: 18    Spells: 4/18 levels left

rFire    . . .     SeeInvis .   i - staff of conjuration
rCold    . . .     Faith    .   (no shield)
rNeg     . . .     Spirit   .   a - +0 robe
rPois    .         Reflect  .   (no helmet)
rElec    .         Harm     .   (no cloak)
rCorr    .         Rampage  .   y - +0 pair of gloves
Will     .....                  (no boots)
Stlth    ++........             (no amulet)
HPRegen  0.21/turn              t - +6 ring of dexterity
MPRegen  0.17/turn              (no ring)

@: about to teleport, hasted, very quick
A: high mp 1, forlorn
a: no special abilities


You were on level 7 of the Dungeon.
You visited 1 branch of the dungeon, and saw 7 of its levels.
You also visited: Ossuary.

You collected 213 gold pieces.

Inventory:

Hand Weapons
 z - a +0 vampiric short sword
Missiles
 n - a throwing net
Armour
 a - a +0 robe (worn)
 y - a +0 pair of gloves (worn)
Magical Staves
 b - a staff of death
 i - a staff of conjuration (weapon)
Jewellery
 q - a ring of fire
 t - a +6 ring of dexterity (left hand)
 C - a ring of protection from fire
Wands
 w - a wand of iceblast (22)
Scrolls
 d - a scroll of silence {unknown}
 f - a scroll of vulnerability {unknown}
 g - a scroll of teleportation
 j - 6 scrolls of fog
 k - 2 scrolls of blinking {unknown}
 o - a scroll of holy word {unknown}
 u - a scroll of amnesia {unknown}
 v - a scroll of magic mapping {unknown}
 A - a scroll of immolation {unknown}
 B - 2 scrolls of noise {unknown}
 D - a scroll of identify
 E - 3 scrolls of fear {unknown}
Potions
 c - 2 potions of haste
 e - 2 potions of degeneration {unknown}
 h - 3 potions of curing
 l - 4 potions of flight
 m - 2 potions of berserk rage {unknown}
 p - a potion of mutation {unknown}
 r - a potion of heal wounds {unknown}
 s - a potion of attraction {unknown}
 x - a potion of magic {unknown}


   Skills:
 - Level 3.0 Fighting
 - Level 3.3 Staves
 - Level 3.2 Dodging
 - Level 2.1 Stealth
 - Level 5.3 Spellcasting
 - Level 7.0 Conjurations
 + Level 4.2 Hexes
 - Level 3.0 Translocations
 - Level 2.0 Evocations


You had 4 spell levels left.
You knew the following spells:

 Your Spells              Type           Power      Damage    Failure   Level
a - Magic Dart            Conj           100%       1d8       1%          1
b - Searing Ray           Conj           100%       3d7       1%          2
c - Dazzling Flash        Conj/Hex       100%       N/A       1%          3
d - Fulminant Prism       Conj/Hex       30%        3d16      4%          4
e - Iskenderun's Mystic   Conj/Tloc      57%        2d12      6%          4

Your spell library contained the following spells:

 Spells                   Type           Power      Damage    Failure   Level
 Beastly Appendage        Tmut           16%        N/A       4%          1
 Wereblood                Tmut           8%         N/A       8%          2
 Spider Form              Tmut/Pois      4%         N/A       16%         3
 Ice Form                 Ice/Tmut       8%         N/A       45%         4
 Hydra Form               Tmut           4%         N/A       80%         5


Dungeon Overview and Level Annotations

Branches:
Dungeon (7/15)            Ossuary (visited)
 Temple: D:4-7

Shops:
D:2 :   D:4 *((

Annotations:
D:7 Harold


Innate Abilities, Weirdness & Mutations

Your attributes grow dramatically as you level up.
You have an increased reservoir of magic. (+10% MP)
You shall have no god before yourself.


Message History

You feel a surge of power!
You erupt in a blast of force!
The mystic blast hits Harold but does no damage.
Harold completely misses you.
Casting: Iskenderun's Mystic Blast (dangerous; 6% risk of failure)
Confirm with . or Enter, or press ? or * to list all spells.
Aiming: Searing Ray (safe; 1% risk of failure)
Press: ? - help, Shift-Dir - straight line, f - Harold
Aim: Harold, wielding a +1 hand axe of venom, wearing a +0 chain mail, quivering 3 throwing nets and carrying a wand of paralysis (7) (92% to hit)
You feel a surge of power!
The searing ray hits Harold.
Harold is lightly wounded. (Press . to maintain the ray.) Harold hits you with a +1 hand axe of venom!
You are poisoned.
The searing ray hits Harold.
Harold is lightly wounded.
You feel very sick. Harold completely misses you.
The searing ray hits Harold.
Harold is lightly wounded.
You feel very sick. Harold misses you.
The searing ray hits Harold!
Harold is moderately wounded.
You finish channeling your searing ray.
You feel very sick.
Harold hits you with a +1 hand axe of venom!
* * * LOW HITPOINT WARNING * * *
You are lethally poisoned!
You feel better.
Harold hits you with a +1 hand axe of venom!
* * * LOW HITPOINT WARNING * * *
You feel yourself speed up.
Harold hits you with a +1 hand axe of venom!
* * * LOW HITPOINT WARNING * * *
You are lethally poisoned!
You feel better.
As you read the scroll of teleportation, it crumbles to dust.
You feel strangely unstable.
Harold hits you with a +1 hand axe of venom!!
You die...

.. ### ..
#.. #..##
#.# #....
#.# #.#.#
#.# #.#.#
#.# #.#@#
#.#
#######.@?#
##<#
.......)).#
#...
....#)).####
#...#. ###
#..)).)#
#.....
#...####.#
#..### ##.#
#.# #.. #
#.. #.##..
...### #.#
#.##.#
##..... #.
#.##.#
#####.


You could see Harold.

Vanquished Creatures
  2 water moccasins (D:5)
  An ice beast (D:5)
  2 sky beasts
  A necrophage (D:4)
  3 ogres
  2 centaurs (D:5)
  A phantom (D:6)
  A kobold brigand (D:7)
  A water moccasin zombie (D:6)
  8 scorpions
  A bullfrog zombie (D:6)
  2 hounds
  A human zombie (Ossuary)
  An orc priest (D:4)
  2 centaur skeletons (D:6)
  2 bullfrog skeletons (D:5)
  2 iguanas
  7 scorpion zombies (Ossuary)
  An orc wizard (D:4)
  Natasha (thrice) (D:2)
  A hound skeleton (D:4)
  3 mummies (Ossuary)
  11 gnolls
  9 adders
  3 white imps
  2 ufetubi (D:4)
  3 worms
  4 dart slugs
  6 orcs
  7 ball pythons
  6 bats
  12 endoplasms
  8 giant cockroaches
  A gnoll zombie (Ossuary)
  6 goblins
  A hobgoblin (D:2)
  8 jackals
  3 quokkas
  3 frilled lizards
  A goblin zombie (Ossuary)
  2 hobgoblin zombies (Ossuary)
  18 kobolds
  4 kobold zombies (Ossuary)
  2 orc zombies (Ossuary)
  A rat (D:3)
  A fulminant prism (D:5)
170 creatures vanquished.

Vanquished Creatures (others)
  4 fulminant prisms
  22 plants (D:3)
26 creatures vanquished.

Grand Total: 196 creatures vanquished

Notes
Turn   | Place    | Note
-------+----------+-------------------------------------------
     0 | D:1      | roflturtle the Demigod Conjurer began the quest for the
                  | Orb.
     0 | D:1      | Reached XP level 1. HP: 14/14 MP: 5/5
   269 | D:1      | Reached skill level 4 in Conjurations
   269 | D:1      | Reached XP level 2. HP: 12/20 MP: 0/7
   275 | D:1      | Learned a level 2 spell: Searing Ray
  1069 | D:1      | Reached XP level 3. HP: 24/26 MP: 5/9
  1559 | D:2      | Found Kips's Book Shoppe.
  1593 | D:2      | Learned a level 3 spell: Dazzling Flash
  1683 | D:2      | Noticed Natasha
  1688 | D:2      | Killed Natasha
  1689 | D:2      | Reached skill level 1 in Hexes
  1689 | D:2      | Reached XP level 4. HP: 19/33 MP: 6/11
  2072 | D:2      | Noticed Natasha
  2077 | D:2      | Killed Natasha
  2547 | D:2      | Noticed Natasha
  2553 | D:2      | Killed Natasha
  2554 | D:2      | Reached skill level 1 in Fighting
  2554 | D:2      | Reached XP level 5. HP: 29/40 MP: 4/12
  3085 | D:3      | Reached skill level 1 in Staves
  3856 | D:4      | Found Kukah's Weapon Emporium.
  3868 | D:4      | Found Jir Qec's Assorted Antiques.
  3903 | D:4      | Learned a level 4 spell: Fulminant Prism
  3977 | D:4      | Reached XP level 6. HP: 15/48 MP: 0/13
  4259 | D:4      | Reached skill level 5 in Conjurations
  4370 | D:4      | Found a sand-covered staircase.
  4379 | Ossuary  | Entered an ossuary
  4533 | Ossuary  | Reached XP level 7. HP: 40/55 MP: 5/14
  4822 | Ossuary  | Learned a level 4 spell: Iskenderun's Mystic Blast
  4961 | Ossuary  | Reached skill level 1 in Translocations
  5106 | Ossuary  | Reached skill level 1 in Evocations
  5418 | D:4      | Reached skill level 6 in Conjurations
  5418 | D:4      | Reached XP level 8. HP: 61/61 MP: 8/17
  5616 | D:4      | Found Ewkoobon's Antique Weapon Shop.
  5657 | D:5      | Entered Level 5 of the Dungeon
  5961 | D:5      | Reached skill level 7 in Conjurations
  6256 | D:5      | Reached skill level 5 in Spellcasting
  7647 | D:6      | Reached XP level 9. HP: 69/69 MP: 15/20
  7916 | D:7      | Noticed Harold
  7924 | D:7      | HP: 2/69 [Harold/+1 hand axe of venom (12)]
  7926 | D:7      | Mangled by Harold

Illustrated notes

Levels and vault maps discovered:
D:1:      dpeg_arrival_rhombi, layout_loops_ring
D:2:      layout_basic, serial_shops, nicolae_shop_stone, uniq_natasha
D:3:      layout_loops_ring, serial_bayou, serial_bayou_lagoon_b,
          serial_bayou_pond_b, serial_bayou_shore_b, serial_bayou_lake_a
D:4:      layout_loops_cross, serial_shops, shop, kennysheep_little_box, shop,
          nicolae_ossuary_entry_plus
D:5:      cheibrodos_iron_armory, layout_basic
D:6:      layout_loops_ring, nicolae_ashenzari_skybound
D:7:      layout_loops_ring, okawaru_humans,
          minmay_temple_entry_statues_pillars, kennysheep_generic_room_3,
          uniq_harold

Skill      XL: |  1  2  3  4  5  6  7  8  9 |
---------------+----------------------------+-----
Spellcasting   | 2 3 4 5 |  5.3
Conjurations   | 4 5 6 7 |  7.0
Dodging        | 2 3 |  3.2
Stealth        | 2 |  2.1
Hexes          | 1 2 3 4 |  4.2
Fighting       | 1 2 3 |  3.0
Staves         | 2 3 |  3.3
Translocations | 2 3 |  3.0
Evocations     | 2 |  2.0

Action                   |  1- 3 |  4- 6 |  7- 9 || total
-------------------------+-------+-------+-------++-------
Melee: Short sword       |     7 |     7 |       ||    14
       Staff             |       |    33 |    24 ||    57
 Cast: Magic Dart        |    97 |    86 |    55 ||   238
       Searing Ray       |     2 |    19 |    40 ||    61
       Fulminant Prism   |       |       |     5 ||     5
       Dazzling Flash    |       |       |     1 ||     1
       Iskenderun's Myst |       |       |     1 ||     1
  Use: Scroll            |       |       |     6 ||     6
       Potion            |       |       |     3 ||     3
 Stab: Sleeping          |       |     1 |     1 ||     2
       Invisible         |       |       |     1 ||     1
Armor: Robe              |     2 |     8 |     7 ||    17
Dodge: Dodged            |     9 |    34 |    31 ||    74

Table legend: (Time is in decaauts)
 A = Elapsed time spent in this place.
 B = Non-inter-level travel time spent in this place.
 C = Inter-level travel time spent in this place.
 D = Time resting spent in this place.
 E = Time spent auto-exploring this place.
 F = Levels seen in this place.
 G = Mean time per level.
                   A        B        C        D        E       F      G
               +--------+--------+--------+--------+--------+-----+--------+
         Total |   7982 |   7781 |    201 |   1548 |   4967 |   8 |  997.8 |
       Dungeon |   7101 |   6900 |    201 |    982 |   4964 |   7 | 1014.4 |
       Ossuary |    881 |    881 |      0 |    566 |      3 |   1 |  881.0 |
               +--------+--------+--------+--------+--------+-----+--------+

Top non-repeatable levels by time:
     D:2: 1447 daAuts
     D:1: 1297 daAuts
     D:5: 1213 daAuts
     D:3: 1099 daAuts
     D:4: 1003 daAuts
     D:6: 926 daAuts
 Ossuary: 881 daAuts
     D:7: 113 daAuts
